[Event "*** Qualifier 1: Titled Tuesday 3|2 Blitz"]
[Site "Chess.com"]
[Date "2017.04.04"]
[Round "2"]
[White "MyleneFarmer"]
[Black "davidarenas1224"]
[Result "0-1"]
[WhiteElo "2336"]
[BlackElo "2313"]
[TimeControl "180+2"]
[EndTime "13:29:00 PDT"]
[Termination "davidarenas1224 won by checkmate"]

1. d4 Nf6 2. c4 g6 3. Nf3 Bg7 4.
g3 O-O 5. Bg2 d6 6. O-O Nc6 7.
Nc3 a6 8. Bf4 Nh5 9. Bg5 h6 10.
Be3 e5 11. dxe5 dxe5 12. Qxd8 Nxd8 13. Nd5 Ne6 14. Ne7+ Kh7 15. Nxc8 Raxc8 16. Rfd1 Rfd8 17. Nd2 Rb8 18. Nb3 b6 19. Bd5 Nf6 20. Rac1 Ng4 21.
Bd2 Nd4 22. Nxd4 exd4 23. h3 Ne5 24. Bf4 f5 25. Kg2 g5 26. Bd2 c5 27. b4 Nd7 28.
a3 Kg6 29. h4 Nf6 30. Bc6 Ne4 31. hxg5 hxg5 32. Be1 Nd6 33. Bd5 a5 34. bxc5 bxc5 35. Rb1 Re8 36. Kf1 a4 37. Bc6 Rh8 38. Rxb8 Rxb8 39.
Bxa4 Ra8 40. Bc6 Rxa3 41. Bd5 Ra4 42. Rb1 Nxc4 43. Rc1 Nb2 44. Rxc5 Ra1 45. Rc6+ Bf6 46. Bc4 g4 47. f3 gxf3 48. exf3 d3 49. Kf2 Nxc4 50. Rxc4 Ra2+ 51. Ke3 Re2+ 52. Kxd3 Rxe1 53. g4 fxg4 54. Rxg4+ Kf5 55. Re4 Rf1 56. Ke2 Ra1 57. Rb4 Be5 58. Ke3 Ra3+ 59. Ke2 Ra2+ 60. Ke3 Ra3+ 61. Ke2 Ra8 62. Ke3 Bf6 63. Ke2 Re8+ 64. Kf2 Be5 65. Ke3 Bd6+ 66. Re4 Bc5+ 67. Kd3 Rd8+ 68.
Ke2 Bd6 69. Rd4 Re8+ 70. Kd3 Bf4 71. Rd5+ Be5 72. Rb5 Kf4 73. Rb7 Kxf3 74. Rf7+ Bf4 75. Kd4 Rd8+ 76. Kc4 Ke4 77. Rh7 Rc8+ 78. Kb5 Kd5 79.
Rh5+ Be5 80. Rg5 Rb8+ 81. Ka4 Kd4 82. Ka5 Bd6 83. Rb5 Rc8 84. Kb6 Bc5+ 85. Kb7 Rg8 86. Rb1 Kd5 87. Rd1+ Bd4 88. Kc7 Rg7+ 89. Kc8 Kc5 90.
Kd8 Rh7 91. Kc8 Bf6 92. Rc1+ Kd6 93. Rd1+ Ke6 94. Rc1 Be5 95. Rd1 Rg7 96. Re1 Rc7+ 97. Kd8 Rc4 98. Rd1 Bf6+ 99. Ke8 Rc8+ 100. Rd8 Rxd8# 0-1

[Event "*** Qualifier 1: Titled Tuesday 3|2 Blitz"]
[Site "Chess.com"]
[Date "2017.04.04"]
[Round "3"]
[White "peteseeger"]
[Black "Noukii"]
[Result "0-1"]
[WhiteElo "2123"]
[BlackElo "2672"]
[TimeControl "180+2"]
[EndTime "13:32:40 PDT"]
[Termination "Noukii won by resignation"]

1. e4 Nf6 2. e5 Nd5 3. d4 d6 4. Nf3 g6 5. Bc4 Nb6 6. Bb3 Bg7 7. O-O O-O 8. Qe2 Nc6 9. Re1 Bg4 10. e6 d5 11. exf7+ Rxf7 12. c3 Bxf3 13. gxf3 e5 14. dxe5 Bxe5 15. Nd2 Qh4 16. Nf1 Raf8 17. Be3 Bd6 18. Bxb6 axb6 19. Bxd5 Qg5+ 0-1

[Event "*** Qualifier 1: Titled Tuesday 3|2 Blitz"]
[Site "Chess.com"]
[Date "2017.04.04"]
[Round "3"]
[White "Superfelix"]
[Black "Kawhi_Leonard2"]
[Result "1-0"]
[WhiteElo "2331"]
[BlackElo "2209"]
[TimeControl "180+2"]
[EndTime "13:33:03 PDT"]
[Termination "Superfelix won by resignation"]

1. e4 c5 2. Nf3 d6 3. d4 cxd4 4. Nxd4 Nf6 5. f3 Nc6 6. c4 Nxd4 7. Qxd4 g6 8. c5 Qa5+ 9. Nc3 Qxc5 10. Bb5+ Bd7 11.
Bxd7+ Kxd7 12. Qa4+ Qc6 13. Qb3 Bg7 14. Qxf7 Rhg8 15.
Be3 a6 16. O-O Raf8 17. Qb3 Rc8 18. Rac1 Qc4 19. Qxb7+ Rc7 20. Qb6 Rgc8 21. Rfd1 Qc6 22. Qb3 Qb7 23. Qf7 Rg8 24. e5 1-0

[Event "*** Qualifier 1: Titled Tuesday 3|2 Blitz"]
[Site "Chess.com"]
[Date "2017.04.04"]
[Round "3"]
[White "VladDobrov"]
[Black "gumersindo"]
[Result "1-0"]
[WhiteElo "2520"]
[BlackElo "2305"]
[TimeControl "180+2"]
[EndTime "13:33:06 PDT"]
[Termination "VladDobrov won by resignation"]

1. d4 d5 2. c4 c6 3. Nc3 Nf6 4. Nf3 e6 5. Bg5 h6 6. Bxf6 Qxf6 7. e3 Nd7 8. Be2 g6 9. O-O Bg7 10. b4 dxc4 11. Bxc4 O-O 12. Qb3 e5 13. Rad1 exd4 14. Rxd4 Nb6 15. Rfd1 Nxc4 16. Qxc4 Be6 17. Qc5 Rfd8 18.
Ne4 1-0

[Event "*** Qualifier 1: Titled Tuesday 3|2 Blitz"]
[Site "Chess.com"]
[Date "2017.04.04"]
[Round "3"]
[White "jncool68"]
[Black "HansCoolNiemann"]
[Result "1-0"]
[WhiteElo "2524"]
[BlackElo "2302"]
[TimeControl "180+2"]
[EndTime "13:33:56 PDT"]
[Termination "jncool68 won by resignation"]

1. e4 e6 2. d3 d5 3. Qe2 c5 4.
Nf3 Nc6 5. g3 Nge7 6. Bg2 g6 7.
O-O Bg7 8. c3 O-O 9. Re1 b6 10.
a4 Ba6 11. e5 Nf5 12. Na3 Re8 13. Nb5 f6 14. exf6 Bxf6 15. h4 e5 16. Bg5 e4 17. dxe4 dxe4 18. Qc4+ Kg7 19. Rxe4 h6 20. Rxe8 Qxe8 21. Bxf6+ Kxf6 22. g4 Nfe7 23. Qf4+ Kg7 24. Nc7 Qb8 25. g5 Nf5 26. gxh6+ Kh7 27. Ng5+ Kxh6 28.
Bxc6 1-0

[Event "*** Qualifier 1: Titled Tuesday 3|2 Blitz"]
[Site "Chess.com"]
[Date "2017.04.04"]
[Round "3"]
[White "BjarkeSahl"]
[Black "ohusbands"]
[Result "1-0"]
[WhiteElo "2177"]
[BlackElo "2216"]
[TimeControl "180+2"]
[EndTime "13:34:21 PDT"]
[Termination "BjarkeSahl won by resignation"]

1. e4 c5 2. c3 Nf6 3. e5 Nd5 4. Nf3 Nc6 5. d4 cxd4 6. cxd4 d6 7. exd6 Qxd6 8. Nc3 e6 9. Bd3 Be7 10. O-O O-O 11.
Re1 Rd8 12. Ne4 Qc7 13. a3 Nf4 14. Bc2 b6 15. Be3 Bb7 16. Rc1 Rac8 17. Neg5 h6 18. Ne4 Qb8 19. Qd2 Nd5 20. Bxh6 gxh6 21. Qxh6 Qf4 22.
Neg5 Nf6 23. Bh7+ 1-0

[Event "*** Qualifier 1: Titled Tuesday 3|2 Blitz"]
[Site "Chess.com"]
[Date "2017.04.04"]
[Round "3"]
[White "Vamostodorecto"]
[Black "Sebastian"]
[Result "0-1"]
[WhiteElo "2346"]
[BlackElo "2608"]
[TimeControl "180+2"]
[EndTime "13:34:33 PDT"]
[Termination "Sebastian won by resignation"]

1. d4 d5 2. c4 dxc4 3. Nf3 Nf6 4. e3 e6 5. Bxc4 a6 6. O-O c5 7. Bb3 Be7 8. Nc3 O-O 9. Qe2 cxd4 10.
Rd1 Nc6 11. exd4 Na5 12. Bc2 b5 13. d5 exd5 14. Bg5 Bb7 15. Nd4 g6 16. Re1 Re8 17. Qf3 Ne4 18. Bxe7 Qxe7 19. Rad1 Nc4 20. Qh3 Nxb2 21.
f3 Nxd1 22. Nxd1 Ng5 23. Rxe7 Nxh3+ 0-1

[Event "*** Qualifier 1: Titled Tuesday 3|2 Blitz"]
[Site "Chess.com"]
[Date "2017.04.04"]
[Round "3"]
[White "silverback96"]
[Black "Outsmiter"]
[Result "0-1"]
[WhiteElo "2076"]
[BlackElo "2109"]
[TimeControl "180+2"]
[EndTime "13:34:45 PDT"]
[Termination "Outsmiter won by checkmate"]

1. Nf3 Nf6 2. c4 d6 3. g3 g6 4. Bg2 Bg7 5. O-O O-O 6. Nc3 c6 7. b4 e5 8. d3 Nbd7 9. b5 Qc7 10. Ba3 Re8 11. Nd2 e4 12. Ndxe4 Nxe4 13. Nxe4 Bxa1 14. Bxd6 Qa5 15. Qxa1 cxb5 16. Bh3 Rxe4 17. dxe4 bxc4 18. Bxd7 Bxd7 19. Qf6 Re8 20. Rd1 Bc6 21. Rc1 Bxe4 22. h4 Qf5 23. Qxf5 Bxf5 24. Rxc4 Rxe2 25. Rc7 Be4 26.
Rc8+ Kg7 27. Be5+ Kh6 28. Bf4+ Kh5 29. Rc5+ f5 30. Rc7 Re1+ 31. Kh2 Rh1# 0-1

[Event "*** Qualifier 1: Titled Tuesday 3|2 Blitz"]
[Site "Chess.com"]
[Date "2017.04.04"]
[Round "3"]
[White "kharov2001"]
[Black "indfraeng"]
[Result "0-1"]
[WhiteElo "1819"]
[BlackElo "1752"]
[TimeControl "180+2"]
[EndTime "13:34:46 PDT"]
[Termination "indfraeng won by resignation"]

1. e4 c6 2. d4 d5 3. e5 Bf5 4.
Ne2 h6 5. h4 e6 6. Ng3 Bh7 7.
h5 Ne7 8. Bd3 Bxd3 9. Qxd3 Qa5+ 10. Nc3 Qa6 11. Qd1 Nd7 12. Bd2 c5 13. Qg4 cxd4 14.
Qxd4 Nc6 15. Qf4 Ndxe5 16. O-O-O Bd6 17. Rhe1 Nd3+ 0-1

[Event "*** Qualifier 1: Titled Tuesday 3|2 Blitz"]
[Site "Chess.com"]
[Date "2017.04.04"]
[Round "3"]
[White "Quiet_Desperation"]
[Black "FelixBlohberger"]
[Result "0-1"]
[WhiteElo "2089"]
[BlackElo "2220"]
[TimeControl "180+2"]
[EndTime "13:35:27 PDT"]
[Termination "FelixBlohberger won by resignation"]

1. e4 e5 2. Nf3 d6 3. Bc4 Be7 4. d4 exd4 5. Nxd4 Nf6 6. Nc3 O-O 7. O-O c6 8. a4 a5 9. Bb3 Na6 10. h3 Nc5 11. Re1 Re8 12. f4 Bf8 13. e5 Nxb3 14. cxb3 dxe5 15. fxe5 Bc5 16. exf6 Bxd4+ 17. Kh1 Bxf6 18.
Rxe8+ Qxe8 19. Bf4 Be6 20. Ne4 Bxb2 21. Rb1 Ba3 0-1

[Event "*** Qualifier 1: Titled Tuesday 3|2 Blitz"]
[Site "Chess.com"]
[Date "2017.04.04"]
[Round "3"]
[White "gmcorrales"]
[Black "macko06"]
[Result "1-0"]
[WhiteElo "2574"]
[BlackElo "2327"]
[TimeControl "180+2"]
[EndTime "13:35:34 PDT"]
[Termination "gmcorrales won by checkmate"]

1. e4 e6 2. d4 d5 3. e5 c5 4.
c3 Nc6 5. a3 Qb6 6. Nf3 c4 7.
h4 Na5 8. Nbd2 Bd7 9. h5 h6 10. g3 Ne7 11. Bh3 Nc8 12. O-O Qc7 13. Nh4 Nb6 14.
Qg4 O-O-O 15. f4 Rg8 16. Kh2 Be7 17. Rb1 Ba4 18. f5 Bxh4 19. Qxh4 exf5 20. Bxf5+ Bd7 21. Bh7 Rgf8 22. Nf3 Nb3 23. Bf4 Be6 24. g4 Qd7 25. Kg3 Rh8 26. Bc2 Rdg8 27. Rg1 Qd8 28. Qxd8+ Rxd8 29. Rh1 Na5 30. g5 Nc6 31. Rbg1 Ne7 32. gxh6 gxh6 33. Kf2 Bf5 34. Bd1 Rh7 35. Nh4 Be6 36. Rh2 Kd7 37. Rhg2 Nf5 38. Nxf5 Bxf5 39. Rg7 Rdh8 40. Rxh7 Rxh7 41. Rg8 Nc8 42. Ba4+ Ke7 43. Re8# 1-0

[Event "*** Qualifier 1: Titled Tuesday 3|2 Blitz"]
[Site "Chess.com"]
[Date "2017.04.04"]
[Round "3"]
[White "CalinGheorghiu"]
[Black "Ilja_Semjonovs"]
[Result "1-0"]
[WhiteElo "2247"]
[BlackElo "2146"]
[TimeControl "180+2"]
[EndTime "13:35:43 PDT"]
[Termination "CalinGheorghiu won by resignation"]

1. e4 e5 2. Nf3 Nc6 3. d4 exd4 4.
Nxd4 Nf6 5. Nc3 Bb4 6. Nxc6 bxc6 7. Bd3 d5 8. e5 Ng4 9. Bf4 f6 10. h3 fxe5 11. hxg4 exf4 12. a3 Bxc3+ 13. bxc3 Qf6 14.
Bxh7 Qxc3+ 15. Kf1 Ba6+ 16. Kg1 Kf7 17. g5 g6 18. Rh6 Rab8 19. Bxg6+ Kg7 20. Bf5 Rxh6 21. gxh6+ Kxh6 22. Kh2 Rh8 23. Qg4 Qf6 24. Rh1 1-0

[Event "*** Qualifier 1: Titled Tuesday 3|2 Blitz"]
[Site "Chess.com"]
[Date "2017.04.04"]
[Round "3"]
[White "Rodalquilar"]
[Black "Feegus"]
[Result "1-0"]
[WhiteElo "2568"]
[BlackElo "2347"]
[TimeControl "180+2"]
[EndTime "13:35:49 PDT"]
[Termination "Rodalquilar won by resignation"]

1. d4 Nf6 2. Bf4 g6 3. e3 Bg7 4. Be2 O-O 5. Nf3 d6 6. O-O b6 7. h3 Bb7 8. Bh2 c5 9. c3 Nbd7 10. a4 a6 11. Nbd2 Rc8 12. Bd3 cxd4 13. exd4 Nd5 14.
Re1 Bh6 15. Qe2 Re8 16. Bxa6 Bxa6 17. Qxa6 N7f6 18. Qb5 Bf4 19. Bxf4 Nxf4 20. Ne4 Nxe4 21. Rxe4 Ne6 22. Rae1 Qc7 23. Nd2 Ra8 24. Nc4 Kf8 25.
Nxb6 Rab8 26. Nd7+ Kg7 27. Nxb8 Rxb8 28. Qe2 d5 29. Rxe6 fxe6 30. Qxe6 Qd6 31. Qxe7+ Qxe7 32. Rxe7+ Kf6 33. Re2 1-0

[Event "*** Qualifier 1: Titled Tuesday 3|2 Blitz"]
[Site "Chess.com"]
[Date "2017.04.04"]
[Round "3"]
[White "micfel"]
[Black "scrapnel"]
[Result "0-1"]
[WhiteElo "2143"]
[BlackElo "2384"]
[TimeControl "180+2"]
[EndTime "13:35:53 PDT"]
[Termination "scrapnel won by checkmate"]

1. e4 c5 2. Nf3 d6 3. d4 cxd4 4.
Nxd4 Nf6 5. Nc3 a6 6. Bg5 e6 7. f4 Be7 8. Qf3 h6 9. Bh4 Qa5 10. O-O-O Qh5 11. Qxh5 Nxh5 12. Bxe7 Kxe7 13. g3 Nf6 14.
Bg2 Ra7 15. Rhe1 Nfd7 16. e5 dxe5 17. fxe5 b5 18. a3 Bb7 19. Bxb7 Rxb7 20. Nb3 Rc7 21. Re2 Rhc8 22. Kb1 Nc6 23. Rde1 Rb8 24. Re4 a5 25. Nd4 Nxd4 26. Rxd4 b4 27. axb4 axb4 28. Na2 b3 29.
cxb3 Rxb3 30. Nc1 Rb5 31. Nd3 Nb6 32. Rb4 Rxb4 33. Nxb4 Nc4 34. Nd3 Nd2+ 35. Ka2 Ra7# 0-1

[Event "*** Qualifier 1: Titled Tuesday 3|2 Blitz"]
[Site "Chess.com"]
[Date "2017.04.04"]
[Round "3"]
[White "Marcus_Harvey"]
[Black "Maung-Mg-KZH"]
[Result "0-1"]
[WhiteElo "2475"]
[BlackElo "2305"]
[TimeControl "180+2"]
[EndTime "13:35:59 PDT"]
[Termination "Maung-Mg-KZH won by resignation"]

1. Nf3 Nf6 2. b3 c6 3. Bb2 d5 4.
e3 Bg4 5. Be2 Nbd7 6. O-O e6 7.
h3 Bxf3 8. Bxf3 Bd6 9. d4 O-O 10. c4 Ne4 11. Bxe4 dxe4 12. Nc3 f5 13. d5 Nc5 14. dxc6 bxc6 15. Qc2 Nd3 16. Ne2 Qe7 17. Rad1 Bc7 18. Nc1 Qd6 19. g3 Rad8 20. Rd2 h5 21. Nxd3 exd3 22. Qc3 Rf7 23. Rfd1 Qe7 24. Rxd3 Rxd3 25.
Qxd3 h4 26. gxh4 Qxh4 27. Qf1 f4 28. Qg2 fxe3 29. fxe3 Bb6 30. Bd4 Bxd4 31. exd4 Rf5 32. Kh2 Rf2 0-1

[Event "*** Qualifier 1: Titled Tuesday 3|2 Blitz"]
[Site "Chess.com"]
[Date "2017.04.04"]
[Round "3"]
[White "TheNextLevelFan"]
[Black "pKiLz5Rn9b"]
[Result "1-0"]
[WhiteElo "2366"]
[BlackElo "2601"]
[TimeControl "180+2"]
[EndTime "13:36:13 PDT"]
[Termination "TheNextLevelFan won by resignation"]

1. d4 Nf6 2. c4 e6 3. Nc3 Bb4 4.
Nf3 b6 5. Bd2 Bb7 6. e3 O-O 7.
Bd3 d5 8. O-O dxc4 9. Bxc4 Nbd7 10. Qe2 c5 11. Rfd1 Qe7 12. a3 Bxc3 13. Bxc3 Rac8 14. Rac1 Ne4 15. Be1 cxd4 16. Nxd4 a5 17. b4 axb4 18. Bxb4 Ndc5 19. f3 Nd6 20. Ba2 Rfd8 21.
Bb1 g6 22. Qb2 Qg5 23. Qf2 e5 24. Ne2 Ba6 25. Nc3 Nf5 26. Nd5 Rxd5 27. Rxd5 Qxe3 28.
Qxe3 Nxe3 29. Rxe5 Nc4 30. Re7 Nb3 31. Rce1 Kg7 32. Ra7 Bb5 33. Ree7 Be8 34. Ba2 Nba5 35. Bxa5 Nxa5 36. Bxf7 Rc1+ 37. Kf2 Bb5 38. Bc4+ 1-0

[Event "*** Qualifier 1: Titled Tuesday 3|2 Blitz"]
[Site "Chess.com"]
[Date "2017.04.04"]
[Round "3"]
[White "A-Fier"]
[Black "aNaartjieZA"]
[Result "1-0"]
[WhiteElo "2490"]
[BlackElo "2293"]
[TimeControl "180+2"]
[EndTime "13:36:21 PDT"]
[Termination "A-Fier won by resignation"]

1. d4 e6 2. c4 Nf6 3. Nc3 Bb4 4. e3 O-O 5. Ne2 c5 6. a3 Bxc3+ 7. Nxc3 d6 8. Be2 Nc6 9. O-O e5 10. dxc5 dxc5 11. Bf3 Be6 12. b3 Qxd1 13. Rxd1 Rfd8 14. Bb2 Rac8 15. Nd5 Nd7 16. Rd2 Kf8 17.
Rad1 Ke8 18. Bc3 f5 19. h3 g6 20. g4 e4 21. Be2 Nde5 22. Bxe5 Nxe5 23. Nc7+ Rxc7 24.
Rxd8+ Ke7 25. Rh8 Kf6 26. gxf5 Bxf5 27. Rd6+ Kg5 28. Kg2 Rf7 29. Rd5 Nd3 30. Bxd3 exd3 31.
e4 Rd7 32. Rxd7 Bxd7 33. Rd8 Bc6 34. Kf3 Kf6 35. Rxd3 Ke5 36. Ke3 Bxe4 37. Rd7 Bg2 38. Rxh7 a5 39. h4 Bc6 40. h5 gxh5 41. Rxh5+ Kd6 42.
f4 Be8 43. Rh6+ Ke7 44. Ke4 Bc6+ 45. Ke5 1-0

[Event "*** Qualifier 1: Titled Tuesday 3|2 Blitz"]
[Site "Chess.com"]
[Date "2017.04.04"]
[Round "3"]
[White "Rating-Schmating"]
[Black "Tesla37"]
[Result "0-1"]
[WhiteElo "2215"]
[BlackElo "2560"]
[TimeControl "180+2"]
[EndTime "13:36:28 PDT"]
[Termination "Tesla37 won by resignation"]

1. e4 c5 2. Nf3 e6 3. d4 cxd4 4.
Nxd4 Nc6 5. Be3 Nf6 6. Bd3 d5 7. exd5 Nxd5 8. Nxc6 bxc6 9. Bd2 Qb6 10. b3 Qd4 11. Nc3 Nxc3 12. Qf3 Nd5 13. O-O Be7 14. c4 Nb6 15. Rad1 Bd7 16. Be4 Qf6 17. Qg3 O-O 18. Bc3 Qg5 19. Qc7 Rfc8 20. Qb7 Be8 21. f4 Bc5+ 22. Kh1 Qe7 23. Qa6 Rd8 24. Rb1 Bd4 25.
Ba5 g6 26. b4 Rdc8 27. Rfd1 Bg7 28. b5 Rab8 29. Bb4 c5 30. Ba5 Nxc4 31. Bc6 Nxa5 32. Bxe8 Qxe8 33. Qxa5 c4 34. Qxa7 c3 35. Rbc1 c2 36.
Rd2 Rxb5 37. h3 Rb1 38. Qg1 Rxc1 39. Qxc1 Qa4 40. Kh2 Qxf4+ 41. g3 Qxd2+ 0-1

[Event "*** Qualifier 1: Titled Tuesday 3|2 Blitz"]
[Site "Chess.com"]
[Date "2017.04.04"]
[Round "3"]
[White "rubhani"]
[Black "Sethu0025"]
[Result "1-0"]
[WhiteElo "2419"]
[BlackElo "2606"]
[TimeControl "180+2"]
[EndTime "13:36:32 PDT"]
[Termination "rubhani won by resignation"]

1. e4 c5 2. Nf3 e6 3. d4 cxd4 4.
Nxd4 Nc6 5. Nc3 Qc7 6. Be3 a6 7. Qf3 d6 8. O-O-O Nf6 9. Nxc6 bxc6 10. g4 d5 11. g5 Nd7 12. h4 Rb8 13. h5 Bd6 14. g6 Ne5 15. gxf7+ Qxf7 16. Qxf7+ Kxf7 17. Be2 Nd7 18. h6 g6 19. exd5 cxd5 20. Ne4 Be5 21. Ng5+ Ke7 22. c3 a5 23. Bg4 Nf6 24. Bc5+ Ke8 25.
Bxe6 Bf4+ 26. Be3 Bxe3+ 27. fxe3 Ke7 28. Bxc8 Rhxc8 29. Rhe1 Rc4 30. Rd4 Rbc8 31. Kd2 a4 32. e4 Rxd4+ 33. cxd4 dxe4 34. Nxe4 Nxe4+ 35. Rxe4+ Kf6 36. d5 Rd8 37. Rxa4 Rxd5+ 38. Ke3 Rh5 39. Ra6+ Kf7 40. Ra7+ Kg8 41. b4 Rxh6 42. b5 Rh3+ 43. Ke4 Rh4+ 44.
Kd5 Rh5+ 45. Kc6 Rh1 46. b6 Rc1+ 47. Kd5 h5 48. b7 Rb1 49. Ra8+ Kg7 50. b8=Q Rxb8 51.
Rxb8 h4 52. Ke4 Kh6 53. Kf4 1-0

[Event "*** Qualifier 1: Titled Tuesday 3|2 Blitz"]
[Site "Chess.com"]
[Date "2017.04.04"]
[Round "3"]
[White "DryCounty"]
[Black "aa175"]
[Result "1-0"]
[WhiteElo "2465"]
[BlackElo "1881"]
[TimeControl "180+2"]
[EndTime "13:36:37 PDT"]
[Termination "DryCounty won by checkmate"]

1. Nf3 d5 2. g3 c5 3. Bg2 Nc6 4.
O-O Nf6 5. d3 e6 6. c4 Bd6 7.
cxd5 exd5 8. Nc3 O-O 9. d4 c4 10. Bg5 Be6 11. Bxf6 Qxf6 12. e4 dxe4 13. Nxe4 Qe7 14.
d5 Rad8 15. dxe6 Bxg3 16. Qe2 Bc7 17. Qxc4 fxe6 18. Rad1 Rxd1 19. Rxd1 Rf5 20. Re1 Rf4 21. Qe2 e5 22. Rd1 Qb4 23. Nfg5 h6 24. Ne6 Rf7 25.
a3 Qb6 26. Nxc7 Qxc7 27. Nd6 Rd7 28. Qc4+ Kh8 29. Qe6 Nd4 30. Qe8+ Kh7 31. Be4+ g6 32. Qxg6+ Kh8 33. Qxh6+ Kg8 34. Bd5+ Rf7 35. Bxf7+ Qxf7 36. Nxf7 Ne2+ 37. Kh1 Kxf7 38. Rd7+ Ke8 39. Qe6+ Kf8 40.
Qf7# 1-0

[Event "*** Qualifier 1: Titled Tuesday 3|2 Blitz"]
[Site "Chess.com"]
[Date "2017.04.04"]
[Round "3"]
[White "SantoBlue"]
[Black "Duhless"]
[Result "1-0"]
[WhiteElo "2539"]
[BlackElo "2708"]
[TimeControl "180+2"]
[EndTime "13:36:41 PDT"]
[Termination "SantoBlue won by checkmate"]

1. Nf3 g6 2. c4 Bg7 3. g3 b6 4.
Bg2 Bb7 5. O-O c5 6. Nc3 Nf6 7. b3 O-O 8. Bb2 d6 9. d3 Nbd7 10. Qd2 a6 11. a3 Qb8 12. b4 b5 13. Rab1 bxc4 14. dxc4 cxb4 15. axb4 Rc8 16. Qd3 Ra7 17. Rfc1 Bxf3 18. Bxf3 Ne5 19. Qd1 Nxf3+ 20. exf3 Rxc4 21. Nd5 Rxc1 22. Bxc1 Nxd5 23. Qxd5 Qb5 24. Qe4 d5 25. Qg4 e6 26. Qh4 Ra8 27. Be3 Rc8 28. Qe7 a5 29.
h4 a4 30. Qa7 h5 31. Kg2 d4 32. Bxd4 Qd3 33. Bxg7 Qxb1 34. Bf6 Qxb4 35. Qe3 Qc5 36. Qh6 Qf8 37. Qh8# 1-0

[Event "*** Qualifier 1: Titled Tuesday 3|2 Blitz"]
[Site "Chess.com"]
[Date "2017.04.04"]
[Round "3"]
[White "Aygehovit1992"]
[Black "Cryptochess"]
[Result "1-0"]
[WhiteElo "2447"]
[BlackElo "2430"]
[TimeControl "180+2"]
[EndTime "13:36:55 PDT"]
[Termination "Aygehovit1992 won by resignation"]

1. e4 d6 2. d4 Nf6 3. Nc3 g6 4.
f4 Bg7 5. Nf3 c5 6. dxc5 Qa5 7.
Qd4 Nc6 8. Bb5 O-O 9. Qa4 Qxa4 10. Bxa4 dxc5 11. Bxc6 bxc6 12. Be3 c4 13. O-O-O a5 14. e5 Ng4 15. Bc5 Re8 16. h3 Nh6 17. g4 f6 18.
Rhe1 Be6 19. Nd4 Bd5 20. Nxd5 cxd5 21. Ne6 fxe5 22. Nxg7 Kxg7 23. Rxe5 e6 24. Rde1 Kf7 25. Kd2 Ng8 26. f5 exf5 27. gxf5 Nf6 28. fxg6+ Kxg6 29. Rxe8 Rxe8 30. Rxe8 Nxe8 31. Kc3 Kf5 32. Bb6 Ke4 33. Bxa5 Nd6 34. Kb4 d4 35. Bc7 d3 36. cxd3+ cxd3 37. Kb3 Ke3 38. Bxd6 d2 39. Bf4+ 1-0

[Event "*** Qualifier 1: Titled Tuesday 3|2 Blitz"]
[Site "Chess.com"]
[Date "2017.04.04"]
[Round "3"]
[White "HovmoellerHest"]
[Black "AllStarShark"]
[Result "0-1"]
[WhiteElo "2199"]
[BlackElo "2318"]
[TimeControl "180+2"]
[EndTime "13:36:56 PDT"]
[Termination "AllStarShark won by resignation"]

1. d4 d5 2. c4 dxc4 3. Nf3 Nf6 4.
e3 Bg4 5. Bxc4 e6 6. O-O Bd6 7. Nbd2 O-O 8. Qc2 Nc6 9. a3 e5 10. d5 Ne7 11. e4 Ng6 12. Re1 Nf4 13. Bf1 Nd7 14. b4 a6 15. h3 Bh5 16. g3 Bxf3 17.
Nxf3 Ng6 18. Bb2 f5 19. exf5 Ne7 20. g4 g6 21. Nxe5 gxf5 22. Nxd7 Qxd7 23. Qc3 Ng6 24. g5 Rae8 25. Rxe8 Rxe8 26. Re1 Be5 27. Qb3 Bh2+ 28. Kxh2 Rxe1 29. Qc3 Rxf1 30. d6 Rxf2+ 31. Kg1 Rxb2 32. Qc4+ Kf8 33. dxc7 Qd1+ 0-1

[Event "*** Qualifier 1: Titled Tuesday 3|2 Blitz"]
[Site "Chess.com"]
[Date "2017.04.04"]
[Round "3"]
[White "Titus369"]
[Black "rst2003"]
[Result "0-1"]
[WhiteElo "2196"]
[BlackElo "2110"]
[TimeControl "180+2"]
[EndTime "13:36:57 PDT"]
[Termination "rst2003 won by resignation"]

1. e4 c5 2. Nf3 d6 3. d4 cxd4 4.
Nxd4 Nf6 5. Nc3 g6 6. Be3 Bg7 7. f3 Nc6 8. Qd2 O-O 9. g4 Be6 10. O-O-O Nxd4 11. Bxd4 a6 12. h4 b5 13. Kb1 b4 14. Nd5 Bxd5 15. exd5 Qa5 16. Bc4 Rfc8 17. Bb3 Qb5 18. h5 a5 19. hxg6 fxg6 20. g5 Nh5 21. Bxg7 Nxg7 22. Rde1 a4 23. Rxe7 axb3 24. Qd4 bxc2+ 25.
Kc1 Nf5 26. Qf6 Nxe7 27. Qe6+ Kf8 28. Qf6+ Ke8 29. Re1 Qb7 30. Qe6 Rxa2 31. Qg8+ Kd7 32. Rxe7+ Kxe7 33. Qg7+ Kd8 34. Qxb7 Ra1+ 35. Kd2 0-1

[Event "*** Qualifier 1: Titled Tuesday 3|2 Blitz"]
[Site "Chess.com"]
[Date "2017.04.04"]
[Round "3"]
[White "severomorskij"]
[Black "VSERGUEI"]
[Result "1/2-1/2"]
[WhiteElo "2633"]
[BlackElo "2577"]
[TimeControl "180+2"]
[EndTime "13:37:04 PDT"]
[Termination "Game drawn by repetition"]

1. d4 d5 2. c4 c6 3. Nc3 Nf6 4. Nf3 a6 5. c5 Nbd7 6. Bf4 Nh5 7. Bd2 g6 8. e4 dxe4 9. Nxe4 Ndf6 10.
Nxf6+ exf6 11. Bc4 Qe7+ 12. Kf1 Be6 13. Qb3 Ng7 14.
Re1 Qd7 15. Bh6 O-O-O 16. Bxg7 Bxc4+ 17. Qxc4 Bxg7 18. h3 Rhe8 19. Rxe8 Qxe8 20. g3 Qe6 21. Qxe6+ fxe6 22. Ke2 Rd5 23. b4 Kd7 24. Ke3 Bh6+ 25. Kd3 e5 26. Re1 Bg7 27. Kc4 exd4 28. Nxd4 f5 29. Nf3 Bf6 30. h4 h6 31. Re3 g5 32. hxg5 hxg5 33. Rd3 Rxd3 34. Kxd3 Ke6 35. Nd2 Bd8 36. Nc4 Bc7 37. Kd4 g4 38. a3 Kd7 39.
Ne3 Ke6 40. Nc4 Kd7 41. Ne3 Ke6 42. Nc4 1/2-1/2

[Event "*** Qualifier 1: Titled Tuesday 3|2 Blitz"]
[Site "Chess.com"]
[Date "2017.04.04"]
[Round "3"]
[White "Rock700chess"]
[Black "Generalas"]
[Result "0-1"]
[WhiteElo "2200"]
[BlackElo "2195"]
[TimeControl "180+2"]
[EndTime "13:37:05 PDT"]
[Termination "Generalas won by checkmate"]

1. e4 e5 2. Nf3 Nc6 3. Bc4 Nf6 4. d3 Be7 5. c3 O-O 6. Bb3 d5 7. Qe2 Re8 8. h3 Be6 9. Nbd2 Bc5 10. g4 dxe4 11. dxe4 Bxb3 12. axb3 Qe7 13. b4 Bd6 14. Nc4 Nd7 15. g5 Nf8 16. h4 Ng6 17. b5 Nd8 18. h5 Nf4 19. Bxf4 exf4 20. e5 a6 21. bxa6 Rxa6 22. Rxa6 bxa6 23. Qe4 Bc5 24.
Qxf4 Ne6 25. Qg4 Rd8 26. O-O g6 27. h6 Nf8 28. Ncd2 Qe6 29. Qg3 Qf5 30. Re1 Ne6 31.
Ne4 Be7 32. Nf6+ Kh8 33. Ra1 Rd3 34. Kg2 Nf4+ 35. Kh2 Ne2 36. Nd4 Rxd4 37. Qe3 Rh4+ 38. Kg2 Qg4+ 39. Kf1 Rh1# 0-1

[Event "*** Qualifier 1: Titled Tuesday 3|2 Blitz"]
[Site "Chess.com"]
[Date "2017.04.04"]
[Round "3"]
[White "FMchesstrainer"]
[Black "Tirantes"]
[Result "1/2-1/2"]
[WhiteElo "2354"]
[BlackElo "2201"]
[TimeControl "180+2"]
[EndTime "13:37:05 PDT"]
[Termination "Game drawn - insufficient material"]

1. d4 d5 2. Bg5 Nf6 3. Bxf6 exf6 4. e3 c6 5. Nd2 Bd6 6. Ne2 O-O 7. g3 Be6 8. Bg2 Qd7 9. c4 Na6 10. cxd5 Bxd5 11. O-O Bxg2 12. Kxg2 Rfe8 13. a3 Rad8 14. b4 Nc7 15. Nc3 Ne6 16. h4 g6 17. Qf3 f5 18.
Nc4 Bc7 19. Rfd1 Ng7 20. d5 Nh5 21. dxc6 Qxc6 22. Qxc6 bxc6 23. Rxd8 Rxd8 24. Rd1 Rxd1 25. Nxd1 Nf6 26. Nc3 Ne4 27. Ne2 Kf8 28. Nd4 c5 29.
Nb5 Bb6 30. f3 Nf6 31. Nxb6 axb6 32. bxc5 bxc5 33. a4 Ke7 34. a5 Kd7 35. a6 Kc6 36.
a7 Kb7 37. Kf2 Nd5 38. Ke2 Nb4 39. Kd2 Nc6 40. Kc3 Nxa7 41. Nd6+ Kc6 42. Nxf7 Nb5+ 43.
Kd3 Nd6 44. Ng5 h6 45. Nh3 Kb5 46. Nf4 g5 47. hxg5 hxg5 48. Ne6 g4 49. fxg4 fxg4 50. e4 Kb4 51. e5 Nf5 52. Nxc5 Kxc5 53. Ke4 Nxg3+ 54.
Kf4 Kd5 55. Kxg4 Kxe5 1/2-1/2